Map: Submarine LE

Players

Heeebster - Winner!

  • Race: Protoss Protoss
  • League: Diamond
  • Spawn Location: 5:00

RyderB

  • Race: Zerg Zerg
  • League: Diamond
  • Spawn Location: 11:00

VOD

Have the link to the VOD?

Description

Time

  • Played on: Nov. 14, 2020, 2:53 p.m.
  • Length: 4:57
Show
View Real Time Build Order
Export as new Build Order

Heeebster Protoss - Winner!

Build Orders:  

Get SALT Encoding   

  12  0:00  Probe  
  13  0:12  Probe  
  14  0:31  Pylon  
  14  0:49  Gateway  
  14  0:51  Gateway  
  14  0:54  Gateway  
  14  1:06  Gateway  
  14  1:09  Probe  
  15  1:21  Probe  
  15  1:22  Pylon  
  16  1:36  Zealot (Chrono Boost)  
  16  1:38  Zealot (Chrono Boost)  
  22  1:49  Zealot (Chrono Boost)  
  22  1:53  Zealot (Chrono Boost)  
  24  2:00  Zealot  
  26  2:06  Pylon  
  26  2:16  Zealot  
  28  2:33  Zealot x3  
  32  2:44  Zealot (Chrono Boost)  
  32  3:05  Zealot (Chrono Boost)  
  34  3:07  Zealot (Chrono Boost)  
  38  3:13  Zealot (Chrono Boost)  
  38  3:14  Pylon  
  38  3:32  Zealot x3  
  44  3:39  Zealot  
  34  4:00  Zealot (Chrono Boost)  
  34  4:07  Zealot x2 (Chrono Boost)  
  36  4:13  Zealot (Chrono Boost)  
  36  4:29  Zealot (Chrono Boost)  
  42  4:32  Zealot x2 (Chrono Boost)  
Show
View Real Time Build Order
Export as new Build Order

RyderB Zerg 

Build Orders: Hatch First 

Get SALT Encoding   

  12  0:01  Drone  
  13  0:13  Overlord  
  13  0:17  Drone  
  14  0:31  Drone x2  
  16  0:51  Hatchery  
  16  0:54  Drone  
  16  0:56  Drone  
  17  1:02  Extractor  
  16  1:13  Spawning Pool  
  15  1:19  Drone  
  15  1:20  Drone  
  17  1:27  Drone  
  17  1:30  Drone  
  19  1:41  Drone  
  20  1:57  Drone  
  21  2:02  Queen  
  21  2:03  Queen  
  21  2:04  Zergling x2  
  21  2:05  Zergling x2  
  26  2:16  Zergling x2  
  26  2:17  Zergling x2  
  26  2:21  Spine Crawler  
  27  2:27  Zergling x2  
  26  2:38  Zergling x2  
  26  2:42  Zergling x2  
  26  2:49  Zergling x2  
  26  2:50  Zergling x2  
  27  2:58  Zergling x2  
  23  3:03  Zergling x2  
  24  3:12  Zergling x4  
  24  3:27  Zergling x4  
  24  3:29  Zergling x2  
  24  3:30  Zergling x2  
  24  3:32  Zergling x2  
  27  3:39  Zergling x2  
  27  3:40  Zergling x2  
  25  3:42  Zergling x2  
  22  3:50  Zergling x2  
  22  3:52  Zergling x2  
  12  4:03  Drone  
  12  4:06  Zergling x2  
  13  4:14  Zergling x2  
  14  4:22  Zergling x2  
  14  4:28  Zergling x2  
  15  4:36  Zergling x2  
Tags
 
Matchup
PvZ
Replay Pack
Replays
Spawn Locations
Cross Positions
Add a new tag
Caveats
  • Supply blocks, unpowered buildings, or Contaminate may cause inaccurate times.
  • Supply counts are checked every 10 seconds.